 Dungeon Crawl Stone Soup version 0.21-a0-201-g8501b10 (webtiles) character file.

3271 Ijustatesigmund the Basher (level 10, -4/71 HPs)
             Began as an Octopode Fighter on Aug 17, 2017.
             Was a Follower of Cheibriados.
             Shot with a sling bullet by Joseph (9 damage)
             ... on level 9 of the Dungeon.
             The game lasted 00:23:05 (8584 turns).

Ijustatesigmund the Basher (Octopode Fighter)       Turns: 8584, Time: 00:23:05

Health: -4/71      AC:  1    Str: 19    XL:     10   Next: 0%
Magic:  14/14      EV: 21    Int: 14    God:    Cheibriados [*.....]
Gold:   228        SH: 10    Dex: 17    Spells: 9/9 levels left

rFire    . . .     SeeInvis .   a - +0 flail
rCold    + . .     Gourm    .   b - +1 shield
rNeg     . . .     Faith    .   (helmet restricted)
rPois    .         Spirit   .   (no amulet)
rElec    .         Reflect  .   s - +2 ring of evasion
rCorr    +         Harm     .   t - +4 ring of evasion
MR       .....                  z - ring of resist corrosion
Stlth    +++.......             (no ring)
HPRegen  0.21/turn              (no ring)
MPRegen  0.14/turn              (no ring)
                                (no ring)
                                (no ring)

@: very slow
A: almost no armour, stealthy swim, amphibious, 8 rings, constrict 8, camouflage
1, cold resistance 1, gelatinous body 1
a: Bend Time, Renounce Religion


You were on level 9 of the Dungeon.
You worshipped Cheibriados.
Cheibriados was aware of your devotion.
You were hungry.

You visited 1 branch of the dungeon, and saw 9 of its levels.

You collected 445 gold pieces.
You spent 217 gold pieces at shops.

Inventory:

Hand Weapons
 a - a +0 flail (weapon)
Armour
 b - a +1 shield (worn)
Jewellery
 s - a +2 ring of evasion (left tentacle)
 t - a +4 ring of evasion (right tentacle)
 z - a ring of resist corrosion (on tentacle)
Wands
 m - a wand of paralysis (8/24)
 o - a wand of scattershot (1/9)
 p - a wand of disintegration (13/24)
 u - a wand of flame (19/48)
 x - a wand of clouds (2/9)
Scrolls
 c - 2 scrolls of fog
 e - 3 scrolls of remove curse
 f - 2 scrolls of enchant armour
 h - 4 scrolls of amnesia
 i - 7 scrolls of identify
 l - 2 scrolls of teleportation
 v - 2 scrolls of recharging
 y - a scroll of blinking
Potions
 g - a potion of magic
 n - a potion of ambrosia
 r - 3 potions of curing
 w - 2 potions of might
 A - a potion of brilliance
Books
 k - Sif Muna's Disquisition on Malediction
   (You found it on level 2 of the Dungeon)

   Spells                             Type                      Level
   a - Confusing Touch                Hexes                        1
Comestibles
 d - 6 bread rations
 j - 7 meat rations
 q - 4 fruits


   Skills:
 - Level 7.6 Fighting
 + Level 9.5 Maces & Flails
 + Level 6.0 Dodging
 - Level 3.0 Shields
 + Level 5.5 Invocations


You had 9 spell levels left.
You didn't know any spells.

Dungeon Overview and Level Annotations

Branches:
Dungeon (9/15)             Temple (0/1) D:7
   Lair: D:8-11         Orc: D:9-12

Altars:
Ashenzari
Cheibriados
Gozag
Hepliaklqana
Kikubaaqudgha
Makhleb
Okawaru
Ru
Sif Muna
Uskayaw
Vehumet
Xom
Yredelemnul

Shops:
D:4 *   D:5 (=!%   D:7 [

Annotations:
D:9 2 transporters, Erolcha, Joseph


Innate Abilities, Weirdness & Mutations

You cannot wear most types of armour.
You are very stealthy in the water. (Stealth+)
You are amphibious.
You can wear up to eight rings at the same time.
You can use your tentacles to constrict eight enemies at once.
Your skin changes colour to match your surroundings (Stealth+).
Your rubbery body absorbs attacks. (AC +1, EV +1)
Your flesh is cold resistant. (rC+)


Message History

Aim: Joseph, wielding a hunting sling of velocity and wearing a leather armour (lightly wounded)
The burst of metal fragments hits Joseph. x2
Joseph is lightly wounded.
The iguana hisses angrily.
This wand has 1 charge left.
Joseph shoots a sling bullet.
The sling bullet hits you!
Evoke which item? (* to show all) (? for menu, Esc to quit)
Aiming: Cloud Cone
Press: ? - help, Dir - move target cursor, p - Joseph You create a blast of flame!
This wand has 2 charges left.
Joseph shoots a sling bullet.
The sling bullet hits you!!
* * * LOW HITPOINT WARNING * * *
x2 Joseph shoots a sling bullet.
You block the sling bullet.
You see here 2 sling bullets.
As you read the scroll of fog, it crumbles to dust.
The scroll dissolves into smoke.
Joseph shoots a sling bullet.
The sling bullet completely misses you.
You see here 2 sling bullets.
Joseph shoots a sling bullet.
The sling bullet hits you!
You die...

#.. .##.# #.#.# .. # ##.#
#.#.# ##.#.## #.# #.#.#
....... #§# ########.#.#
###### #§######..........#
.# #§§§.§§..........## .#
#.####§####§#.#.####..# .#
#...§§§@§....(........# .#
###########@###.#####.######
.# #.....# ##....... .#
####### #..###### .#
#.##T.... .# #)#8F#... .#
##.#H..#.# .# ##..#......
.#### #..©#..©... >...#
##### ##.|.#..%...


You could see Joseph.

Vanquished Creatures
  A two-headed ogre (D:8)
  Grinder (D:6)
  Sigmund (D:3)
  Menkaure (D:6)
  2 ice beasts
  A sky beast (D:8)
  A black bear (D:8)
  2 ogres
  A phantom (D:7)
  A centaur (D:7)
  2 big kobolds
  A gnoll sergeant (D:7)
  2 bullfrogs
  2 scorpions (D:5)
  A howler monkey (D:4)
  3 crimson imps
  A bullfrog zombie (D:5)
  2 bullfrog skeletons
  A hound (D:8)
  A jelly (D:6)
  Crazy Yiuf (D:3)
  A centaur skeleton (D:8)
  2 orc priests
  4 iguanas
  4 orc wizards
  6 worker ants
  A howler monkey zombie (D:5)
  A worker ant zombie (D:9)
  6 adders
  12 gnolls
  A shadow imp (D:6)
  An adder zombie (D:9)
  An adder skeleton (D:5)
  4 worms
  A dart slug (D:1)
  4 leopard geckos
  12 orcs
  8 giant cockroaches
  7 goblins
  A hobgoblin (D:1)
  19 jackals
  6 bats
  4 frilled lizards
  8 kobolds
  5 rats
  A fungus (D:3)
149 creatures vanquished.

Notes
Turn   | Place    | Note
-------+----------+-------------------------------------------
     0 | D:1      | Ijustatesigmund the Octopode Fighter began the quest for the Orb.
     0 | D:1      | Reached XP level 1. HP: 16/16 MP: 1/1
   277 | D:1      | Reached XP level 2. HP: 19/21 MP: 2/2
   928 | D:1      | Reached XP level 3. HP: 26/26 MP: 3/3
  1358 | D:2      | Reached skill level 3 in Maces & Flails
  1507 | D:2      | Reached XP level 4. HP: 19/33 MP: 4/4
  1998 | D:2      | Found an ancient bone altar of Kikubaaqudgha.
  2000 | D:2      | Found a deep blue altar of Sif Muna.
  2002 | D:2      | Found a radiant altar of Vehumet.
  2006 | D:2      | Identified Sif Muna's Disquisition on Malediction
  2191 | D:3      | Noticed Sigmund
  2223 | D:4      | Noticed an ogre
  2348 | D:4      | Found a burning altar of Makhleb.
  2492 | D:4      | Reached XP level 5. HP: 29/38 MP: 5/5
  2560 | D:4      | Found Istradil's Assorted Antiques.
  2869 | D:3      | Killed Sigmund
  2869 | D:3      | Reached skill level 5 in Fighting
  2869 | D:3      | Reached skill level 4 in Maces & Flails
  2869 | D:3      | Reached XP level 6. HP: 45/45 MP: 6/6
  2916 | D:3      | Found a shimmering altar of Xom.
  3265 | D:3      | Found a runed door.
  3269 | D:3      | Noticed Crazy Yiuf
  3276 | D:3      | Killed Crazy Yiuf
  3317 | D:4      | Reached skill level 5 in Maces & Flails
  3359 | D:4      | Bought a scroll labeled JEBRATR MICLU for 27 gold pieces
  3765 | D:5      | Entered Level 5 of the Dungeon
  3773 | D:5      | Reached XP level 7. HP: 46/51 MP: 7/7
  4498 | D:5      | Reached skill level 6 in Maces & Flails
  4641 | D:5      | Found Lurits's Jewellery Emporium.
  4643 | D:5      | Found Ovvufaom's Food Emporium.
  4646 | D:5      | Found Epteful's Distillery.
  4647 | D:5      | Found Cymoasou's Weapon Emporium.
  4650 | D:5      | Bought a +2 ring of evasion for 140 gold pieces
  4689 | D:5      | Bought a potion of heal wounds for 50 gold pieces
  4924 | D:5      | Reached XP level 8. HP: 60/60 MP: 8/8
  5721 | D:6      | Found a sacrificial altar of Ru.
  5745 | D:6      | Reached skill level 7 in Maces & Flails
  5790 | D:6      | Noticed Menkaure
  5798 | D:6      | Killed Menkaure
  5857 | D:6      | Noticed Grinder
  5865 | D:6      | Killed Grinder
  5923 | D:6      | Found an opulent altar of Gozag.
  5923 | D:6      | Found a hazy altar of Hepliaklqana.
  5928 | D:6      | Found a faded altar of an unknown god.
  5931 | D:6      | Found a snail-covered altar of Cheibriados.
  5932 | D:6      | Found a faded altar of an unknown god.
  5936 | D:6      | Became a worshipper of Cheibriados the Contemplative
  6310 | D:7      | Found a staircase to the Ecumenical Temple.
  6314 | D:7      | Reached skill level 8 in Maces & Flails
  6418 | D:7      | Reached skill level 1 in Invocations
  6557 | D:7      | Found Ulakyn's Antique Armour Shop.
  6595 | D:7      | Reached XP level 9. HP: 47/64 MP: 10/10
  6888 | D:7      | Found a shattered altar of Ashenzari.
  7227 | D:8      | Reached * piety under Cheibriados
  7338 | D:8      | Found a basalt altar of Yredelemnul.
  7356 | D:8      | Noticed a two-headed ogre
  7372 | D:8      | Killed a two-headed ogre
  7372 | D:8      | Reached skill level 9 in Maces & Flails
  7372 | D:8      | Reached skill level 5 in Dodging
  7684 | D:8      | Reached skill level 5 in Invocations
  7685 | D:8      | Gained mutation: Your flesh is cold resistant. (rC+) [mutagenic meat]
  8135 | D:9      | Found an iron altar of Okawaru.
  8135 | D:9      | Noticed a manticore
  8137 | D:9      | Found a hide-covered altar of Uskayaw.
  8137 | D:9      | Noticed a deep troll
  8140 | D:9      | Noticed a centaur warrior
  8141 | D:9      | Found a transporter.
  8153 | D:9      | Found a transporter.
  8172 | D:9      | Reached XP level 10. HP: 71/71 MP: 14/14
  8196 | D:9      | Noticed a kobold demonologist
  8210 | D:9      | Noticed Erolcha
  8210 | D:9      | Noticed a kobold demonologist
  8210 | D:9      | Noticed a kobold demonologist
  8244 | D:9      | Noticed Joseph
  8259 | D:9      | Found a shattered altar of Ashenzari.
  8575 | D:9      | HP: 3/71 [Joseph/sling bullet (4)]
  8584 | D:9      | Shot with a sling bullet by Joseph

Vault maps used:
D:1:      dpeg_arrival_tiny_d
D:2:      grunt_temple_overflow_magic_moments
D:3:      first_bread, xom_teletrap_fun, uniq_crazy_yiuf_cottage, uniq_sigmund
D:4:      lemuel_doored_altar, serial_shops, shop, roderic_lattice_a
D:5:      minmay_shop_grid_forest
D:6:      marbit_many_paths, chequers_temple_overflow_minitemple, uniq_menkaure,
          uniq_grinder
D:7:      minmay_temple_entry_purple_smoke, basic_altar, serial_shops,
          kennysheep_mini
D:8:      serial_shops, nicolae_shop_stone, basic_altar, hangedman_ranch,
          okawaru_metal_pillars_1_2
D:9:      evilmike_ruin_ashenzari, gammafunk_temple_overflow_arena,
          enter_bailey_2, minivault_1, hangedman_glass_teeth, uniq_joseph,
          uniq_erolcha

Skill      XL: |  1  2  3  4  5  6  7  8  9 10 |
---------------+-------------------------------+-----
Maces & Flails | 3 4 5 6 8 9 |  9.5
Fighting       | 4 5 7 |  7.6
Invocations    | 2 5 |  5.5
Dodging        | 5 6 |  6.0
Shields        | |  3.0

Action                   |  1- 3 |  4- 6 |  7- 9 | 10-12 || total
-------------------------+-------+-------+-------+-------++-------
Melee: Flail             |    69 |    82 |   236 |     4 ||   391
       Constrict         |    17 |    22 |    52 |     1 ||    92
       Tentacles         |    13 |    17 |    68 |     1 ||    99
Invok: Bend Time         |       |       |     2 |       ||     2
Evoke: Wand              |       |     2 |    11 |     3 ||    16
  Use: Scroll            |       |    10 |    11 |     7 ||    28
       Potion            |       |     3 |     2 |       ||     5
 Stab: Sleeping          |     5 |     2 |     8 |       ||    15
       Paralysed         |       |     3 |       |       ||     3
       Distracted        |       |     1 |       |       ||     1
  Eat: Chunk             |     2 |     4 |    11 |       ||    17
       Royal jelly       |       |     1 |     2 |       ||     3
Armor: Skin              |     9 |       |     1 |       ||    10
Dodge: Dodged            |    28 |    38 |   116 |    10 ||   192
Block: Shield            |    40 |    38 |   113 |     3 ||   194
